 Dungeon Crawl Stone Soup version 0.29.0-4-gdea44cf6ec (webtiles) character file.

Game seed: 2501615110927594158

1226 qw the Blocker (level 8, -2/48 HPs)
             Began as a Gargoyle Berserker on Sept 4, 2022.
             Was a Priest of Trog.
             Slain by Maggie
             ... wielding a +0 glaive
              (8 damage)
             ... on level 6 of the Dungeon.
             The game lasted 00:02:14 (6395 turns).

qw the Blocker (Gargoyle Berserker)                 Turns: 6395, Time: 00:02:14

Health: -2/48      AC: 15    Str: 23    XL:     8   Next: 47%
Magic:  8/8        EV:  5    Int:  8    God:    Trog [***...]
Gold:   177        SH: 14    Dex:  9    Spells: 7/7 levels left

rFire   . . .      SeeInvis .   Y - +1 broad axe (vorpal)
rCold   . . .      Faith    .   a - +0 tower shield
rNeg    + + +      Spirit   .   d - +0 chain mail
rPois   inf        Reflect  .   j - +0 helmet
rElec   +          Harm     .   (no cloak)
rCorr   .          Rampage  .   (no gloves)
Will    .....                   (no boots)
Stlth   ..........              (no amulet)
HPRegen 0.16/turn               h - ring of positive energy
MPRegen 0.11/turn               q - ring of positive energy

@: on berserk cooldown
A: sickness immunity, AC +5, negative energy resistance 1, electricity
resistance, torment resistance 1, petrification resistance
a: Renounce Religion, Berserk, Trog's Hand


You were on level 6 of the Dungeon.
You worshipped Trog.
Trog was most pleased with you.
You visited 1 branch of the dungeon, and saw 6 of its levels.

You collected 417 gold pieces.
You spent 240 gold pieces at shops.


Innate Abilities, Weirdness & Mutations

You are immune to sickness and miasma.
Your stone body is resilient. (AC +5)
You are immune to poison.
You resist negative energy. (rN+)
You are resistant to electric shocks. (rElec)
You are resistant to unholy torment.
You are immune to petrification.


   Skills:
 - Level 4.2 Fighting
 + Level 5.1 Axes
 - Level 2.1 Armour
 - Level 1.5 Dodging
 - Level 9.0 Shields


You had 7 spell levels left.
You didn't know any spells.
Your spell library was empty.

Inventory:

Hand Weapons
 b - a +0 flail
 Y - a +1 vorpal broad axe (weapon)
Missiles
 n - 3 boomerangs (quivered)
Armour
 a - a +0 tower shield (worn)
 d - a +0 chain mail (worn)
 j - a +0 helmet (worn)
 o - a +2 cloak
Jewellery
 h - a ring of positive energy (left hand)
 q - a ring of positive energy (right hand)
Scrolls
 c - a scroll of amnesia {unknown}
 m - 2 scrolls of identify
Potions
 e - a potion of curing
 g - 2 potions of might
 i - a potion of resistance {unknown}
 k - a potion of mutation {unknown}
 l - a potion of berserk rage {unknown}

Dungeon Overview and Level Annotations

Branches:
Dungeon (6/15)
 Temple: D:4-7

Altars:
Qazlal
Uskayaw
Vehumet
Wu Jian
Xom
Zin

Shops:
D:5 (=(

Annotations:
D:3 2 transporters, qw's ghost, amateur MiFi
D:5 1 runed translucent door, Crazy Yiuf
D:6 Maggie


Message History

Trog accepts your kill.
Maggie points at you and mumbles some strange words.
The bolt of fire hits you but does no damage.
Maggie closely misses you. You block Maggie's attack.
You block Maggie's attack.
Things that are here:
a +0 whip; an orc corpse You closely miss Maggie.
Maggie shouts, "Leave me alone!"
Maggie hits you but does no damage. You block Maggie's attack.
Maggie hits you but does no damage.
You slash Maggie!
Maggie is moderately wounded.
You block Maggie's attack. Maggie gestures at you while chanting.
The bolt of fire hits you!
You closely miss Maggie.
Maggie is moderately wounded.
Maggie hits you with a +0 glaive! You block Maggie's attack.
Maggie hits you but does no damage.
6392 ||| DRINKING potion of heal wounds.
You feel much better.
You break out of your daze.
You block Maggie's attack.
You barely miss Maggie.
Maggie is moderately wounded.
You block Maggie's attack. Maggie casts a spell at you.
The bolt of fire hits you but does no damage.
Maggie hits you with a +0 glaive!
You hit Maggie but do no damage.
Maggie is moderately wounded.
You block Maggie's attack. Maggie barely misses you.
You hit Maggie.
Maggie is moderately wounded.
You feel yourself speed up. Maggie casts a spell at you.
The bolt of fire hits you!! You block Maggie's attack.
Maggie hits you with a +0 glaive!
You die...

#...# #...#### ###...#
##....#..#
##.....###.##.....#
##.......##........#
#...........7.....##
#.........P........#
###.....##........#.##
#.......##.P~7.)..#..#
............~.7)@....#
...###....7~~~7~.@...#
..###..(..7~7~~..!)...#
.......(##.~~~~7.P......
............~~~~~.#.....
#.........P...~~..#.....
..###..# ..P..P..P. ....
..## ..# #......... ....
...##...


You could see Maggie.

Vanquished Creatures
  3 ogres
  2 black bears
  2 phantoms
  Blork the orc (D:5)
  A scorpion (D:5)
  An electric eel (D:6)
  2 hounds
  An orc priest (D:6)
  A gnoll bouda (D:4)
  An iguana (D:6)
  2 orc wizards (D:5)
  9 gnolls
  9 adders
  4 worms
  3 dart slugs
  18 orcs
  7 ball pythons
  7 endoplasms
  7 giant cockroaches
  7 goblins
  6 hobgoblins
  6 jackals
  8 kobolds
  5 quokkas
  3 bats
  3 frilled lizards
  7 rats
  A spectral hobgoblin (D:3)
127 creatures vanquished.

Vanquished Creatures (others)
  An orc (D:6)
  2 plants (D:6)
3 creatures vanquished.

Grand Total: 130 creatures vanquished

Notes
Turn   | Place    | Note
-------+----------+-------------------------------------------
     0 | D:1      | qw the Gargoyle Berserker began the quest for the Orb.
     0 | D:1      | Reached XP level 1. HP: 14/14 MP: 1/1
     0 | D:1      | 0 ||| qw: Version: 0.1-a-103-gd6f5d3a
     0 | D:1      | 0 ||| qw: Game counter: 5661
     0 | D:1      | 0 ||| qw: Always use a shield: true
     0 | D:1      | 0 ||| qw: Do Orc after D:15 true
     0 | D:1      | 0 ||| qw: Do second Lair branch before Depths: true
     0 | D:1      | 0 ||| qw: Lair rune preference: random
     0 | D:1      | 0 ||| qw: Plans: Normal
     0 | D:1      | 0 ||| PLANNING D:1-11
    47 | D:1      | Reached skill level 3 in Axes
   351 | D:1      | Reached XP level 2. HP: 19/19 MP: 2/2
   365 | D:1      | 365 ||| Stepping ~*~*~tactically~*~*~ (hiding).
   367 | D:1      | 367 ||| Stepping ~*~*~tactically~*~*~ (hiding).
   528 | D:1      | 528 ||| DROPPING +0 club.
  1125 | D:1      | Reached XP level 3. HP: 23/23 MP: 3/3
  1126 | D:1      | 1126 ||| Stepping ~*~*~tactically~*~*~ (stealth).
  1129 | D:1      | 1129 ||| Stepping ~*~*~tactically~*~*~ (stealth).
  1258 | D:1      | 1258 ||| UPGRADING to +0 chain mail.
  1268 | D:1      | 1268 ||| DROPPING +0 animal skin.
  1269 | D:1      | 1269 ||| UPGRADING to +0 buckler.
  1274 | D:1      | 1274 ||| UPGRADING to ring of positive energy.
  1275 | D:1      | 1275 ||| READING scroll labelled TONIS TEIREY.
  1308 | D:2      | Found a shimmering altar of Xom.
  1371 | D:2      | 1371 ||| Stepping ~*~*~tactically~*~*~ (stealth).
  1373 | D:2      | 1373 ||| Stepping ~*~*~tactically~*~*~ (hiding).
  1375 | D:2      | 1375 ||| Stepping ~*~*~tactically~*~*~ (hiding).
  1378 | D:2      | 1378 ||| INVOKING Berserk.
  1382 | D:2      | Reached skill level 1 in Shields
  1386 | D:2      | Reached XP level 4. HP: 28/28 MP: 4/4
  1388 | D:2      | Reached skill level 2 in Shields
  1397 | D:2      | 1397 ||| Stepping ~*~*~tactically~*~*~ (stealth).
  1411 | D:2      | 1411 ||| FLEEEEING.
  1498 | D:2      | 1498 ||| DROPPING +0 mace.
  1763 | D:2      | 1763 ||| Stepping ~*~*~tactically~*~*~ (stealth).
  1765 | D:2      | 1765 ||| Stepping ~*~*~tactically~*~*~ (stealth).
  1766 | D:2      | 1766 ||| Stepping ~*~*~tactically~*~*~ (stealth).
  1770 | D:2      | Reached ** piety under Trog
  1772 | D:2      | 1772 ||| Stepping ~*~*~tactically~*~*~ (stealth).
  2655 | D:2      | 2655 ||| UPGRADING to +0 tower shield.
  2665 | D:2      | 2665 ||| DROPPING +0 buckler.
  2666 | D:2      | 2666 ||| READING scroll labelled XAOCWORERY.
  2667 | D:2      | 2667 ||| READING scroll labelled LIVUOKAEXE.
  2668 | D:2      | 2668 ||| READING scroll labelled ILAKESOYTE.
  2697 | D:3      | 2697 ||| STAIRDANCE
  2743 | D:3      | 2743 ||| STAIRDANCE
  2757 | D:3      | Found a faded altar of an unknown god.
  2783 | D:3      | Reached XP level 5. HP: 32/32 MP: 5/5
  2885 | D:3      | 2885 ||| SWAPPING to +0 broad axe.
  2892 | D:3      | 2892 ||| DROPPING +0 hand axe.
  2979 | D:3      | Found a transporter.
  2982 | D:3      | Found a transporter.
  2982 | D:3      | Noticed qw's ghost (amateur MiFi)
  3051 | D:3      | 3051 ||| INVOKING Berserk.
  3433 | D:3      | 3433 ||| UPGRADING to +0 helmet.
  3438 | D:3      | 3438 ||| READING scroll labelled TIMOKHLO QOIR.
  3439 | D:3      | 3439 ||| DRINKING 2 viscous amethyst potions.
  3478 | D:4      | 3478 ||| Stepping ~*~*~tactically~*~*~ (stealth).
  3481 | D:4      | Reached skill level 3 in Shields
  3565 | D:4      | Noticed an ogre
  3570 | D:4      | 3570 ||| INVOKING Berserk.
  3572 | D:4      | Killed an ogre
  3573 | D:4      | Reached skill level 4 in Shields
  3573 | D:4      | Reached XP level 6. HP: 19/37 MP: 6/6
  3624 | D:4      | 3624 ||| Stepping ~*~*~tactically~*~*~ (stealth).
  3626 | D:4      | 3626 ||| Stepping ~*~*~tactically~*~*~ (stealth).
  3834 | D:4      | 3834 ||| INVOKING Berserk.
  3839 | D:4      | Reached skill level 5 in Shields
  4009 | D:4      | 4009 ||| INVOKING Berserk.
  4403 | D:4      | Reached skill level 6 in Shields
  4403 | D:4      | Reached XP level 7. HP: 41/41 MP: 7/7
  4532 | D:4      | 4532 ||| Stepping ~*~*~tactically~*~*~ (stealth).
  4533 | D:4      | 4533 ||| Stepping ~*~*~tactically~*~*~ (stealth).
  4534 | D:4      | 4534 ||| Stepping ~*~*~tactically~*~*~ (stealth).
  4537 | D:4      | 4537 ||| Stepping ~*~*~tactically~*~*~ (stealth).
  4539 | D:4      | Reached *** piety under Trog
  4543 | D:4      | 4543 ||| Stepping ~*~*~tactically~*~*~ (stealth).
  4577 | D:4      | Found a hide-covered altar of Uskayaw.
  4578 | D:4      | Found a glowing silver altar of Zin.
  4580 | D:4      | Found an ornate altar of the Wu Jian Council.
  4580 | D:4      | Found a radiant altar of Vehumet.
  4783 | D:4      | 4783 ||| DROPPING ring of flight.
  4784 | D:4      | 4784 ||| READING scroll labelled VODAKL WIZAALL.
  4785 | D:4      | 4785 ||| READING scroll labelled WALOKUEJETS.
  4886 | D:4      | 4886 ||| DRINKING 2 fizzy silvery potions.
  4887 | D:4      | 4887 ||| DRINKING 2 clear potions.
  4888 | D:4      | 4888 ||| DROPPING potion of attraction.
  4938 | D:5      | Entered Level 5 of the Dungeon
  4966 | D:5      | Found a runed translucent door.
  4967 | D:5      | Noticed Crazy Yiuf
  4996 | D:5      | Reached skill level 7 in Shields
  5097 | D:5      | Found a stormy altar of Qazlal.
  5098 | D:5      | 5098 ||| READING scroll of teleportation.
  5100 | D:5      | Found Kamoak's Weapon Emporium.
  5200 | D:5      | 5200 ||| INVOKING Berserk.
  5391 | D:5      | Reached skill level 8 in Shields
  5444 | D:5      | Found Kellylud's Weapon Emporium.
  5452 | D:5      | Noticed Blork the orc
  5456 | D:5      | 5456 ||| INVOKING Berserk.
  5459 | D:5      | Killed Blork the orc
  5460 | D:5      | Reached XP level 8. HP: 46/46 MP: 8/8
  5500 | D:5      | 5500 ||| FLEEEEING.
  5501 | D:5      | 5501 ||| FLEEEEING.
  5502 | D:5      | 5502 ||| FLEEEEING.
  5503 | D:5      | 5503 ||| FLEEEEING.
  5504 | D:5      | 5504 ||| FLEEEEING.
  5505 | D:5      | 5505 ||| FLEEEEING.
  5506 | D:5      | 5506 ||| FLEEEEING.
  5507 | D:5      | 5507 ||| FLEEEEING.
  5508 | D:5      | 5508 ||| FLEEEEING.
  5509 | D:5      | 5509 ||| FLEEEEING.
  5510 | D:5      | 5510 ||| FLEEEEING.
  5511 | D:5      | 5511 ||| FLEEEEING.
  5576 | D:5      | Found Fyngaa's Jewellery Emporium.
  5582 | D:5      | 5582 ||| SHOPLISTING +4 ring of evasion (432 gold, have
                  | 348).
  5582 | D:5      | 5582 ||| SHOPLISTING +4 ring of protection (432 gold, have
                  | 348).
  5582 | D:5      | 5582 ||| SHOPLISTING +6 ring of strength (432 gold, have
                  | 348).
  5582 | D:5      | 5582 ||| SHOPLISTING amulet of the acrobat (360 gold, have
                  | 348).
  5582 | D:5      | 5582 ||| BUYING ring of positive energy (240 gold).
  5582 | D:5      | Bought a ring of positive energy for 240 gold pieces
  5582 | D:5      | 5582 ||| SHOPLISTING ring of willpower (300 gold, have
                  | 108).
  5621 | D:5      | 5621 ||| INVOKING Berserk.
  6037 | D:5      | 6037 ||| UPGRADING to ring of positive energy.
  6038 | D:5      | 6038 ||| READING scroll labelled FICHAO ZAKLAKU.
  6039 | D:5      | 6039 ||| DRINKING 2 bubbling brown potions.
  6040 | D:5      | 6040 ||| DRINKING 2 cyan potions.
  6041 | D:5      | 6041 ||| READING 2 scrolls of identify.
  6041 | D:5      | 6041 ||| IDENTIFYING emerald potion
  6042 | D:5      | 6042 ||| DROPPING potion of invisibility.
  6043 | D:5      | 6043 ||| DROPPING potion of flight.
  6169 | D:6      | 6169 ||| INVOKING Berserk.
  6182 | D:6      | Reached skill level 9 in Shields
  6369 | D:6      | 6369 ||| INVOKING Berserk.
  6381 | D:6      | Noticed Maggie
  6391 | D:6      | HP: 8/48 [Maggie/+0 glaive (8)]
  6392 | D:6      | 6392 ||| DRINKING potion of heal wounds.
  6395 | D:6      | Slain by Maggie

Levels and vault maps discovered:
D:1:      mrwooster_arrival_statue_3, layout_basic
D:2:      layout_loops_corners, basic_altar
D:3:      layout_rooms, gammafunk_ghost_mausoleum,
          dreamdust_ecumenical_altar_drowned_temple, minmay_liquid_box,
          reono_crystal_passage
D:4:      layout_layer_cave, mainiacjoe_overflow_alcove_3,
          minmay_strange_pillars, minmay_misc_feat_doors
D:5:      layout_loops_ring, mainiacjoe_overflow_cross_hatched, serial_shops,
          shop_statue, shop, shop, uniq_blork_the_orc, uniq_crazy_yiuf_cottage
D:6:      layout_cave_pools, serial_bayou, serial_bayou_crossing,
          serial_bayou_shore_a, serial_bayou_lake_a, serial_bayou_pond_a,
          uniq_maggie

Skill      XL: |  1  2  3  4  5  6  7  8 |
---------------+-------------------------+-----
Axes           | 3 4 5 |  5.1
Shields        | 1 2 4 6 8 9 |  9.0
Fighting       | 4 |  4.2
Armour         | |  2.1
Dodging        | |  1.5

Action                   |  1- 3 |  4- 6 |  7- 9 || total
-------------------------+-------+-------+-------++-------
Melee: Hand axe          |   101 |   115 |       ||   216
       Punch             |     2 |       |       ||     2
       Broad axe         |       |    68 |   166 ||   234
Throw: Boomerang         |       |       |    13 ||    13
Invok: Berserk           |     1 |     4 |     5 ||    10
  Use: Scroll            |     1 |     4 |     5 ||    10
       Potion            |       |     1 |     5 ||     6
Armor: Animal skin       |    25 |       |       ||    25
       Chain mail        |     2 |   112 |    89 ||   203
Dodge: Dodged            |    52 |    38 |    31 ||   121
Block: Tower shield      |       |    69 |   142 ||   211
       Buckler           |       |     9 |       ||     9

Table legend:
 A = Non-vault XP
 B = Vault XP
 C = Vault XP percentage of total XP
 D = Non-vault monster count
 E = Vault monster count
 F = Vault count percentage of total count
                 A         B        C        D         E       F
            +---------+---------+-------+---------+---------+-------
      Total |    1661 |      91 |   5.2 |     125 |       2 |   1.6
            +---------+---------+-------+---------+---------+-------
        D:1 |      43 |       0 |   0.0 |      23 |       0 |   0.0
        D:2 |     118 |       0 |   0.0 |      28 |       0 |   0.0
        D:3 |      40 |       1 |   2.4 |      16 |       1 |   5.9
        D:4 |     566 |       0 |   0.0 |      28 |       0 |   0.0
        D:5 |     572 |      90 |  13.6 |      18 |       1 |   5.3
        D:6 |     322 |       0 |   0.0 |      12 |       0 |   0.0
            +---------+---------+-------+---------+---------+-------
